Map: Deathaura LE

Players

ShoWTimE - Winner!

  • Race: Protoss Protoss
  • Spawn Location: 11:00

PtitDrogo

  • Race: Protoss Protoss
  • League: Master
  • Spawn Location: 5:00

Event: DreamHack SC2 Masters 2020 Summer Europe

VOD

Have the link to the VOD?

Description

Time

  • Played on: July 9, 2020, 12:11 p.m.
  • Length: 5:55

All games in this series

Show
View Real Time Build Order
Export as new Build Order

ShoWTimE Protoss - Winner!

Build Orders: Phoenix Opening 

Get SALT Encoding   

  12  0:00  Probe  
  13  0:12  Probe  
  14  0:17  Pylon  
  14  0:24  Probe  
  15  0:33  Probe  
  15  0:36  Gateway  
  15  0:41  Probe  
  16  0:46  Assimilator  
  17  0:51  Probe  
  17  0:54  Assimilator  
  18  1:00  Probe  
  19  1:08  Gateway, Probe  
  19  1:17  Probe  
  20  1:24  Cybernetics Core  
  21  1:29  Probe  
  22  1:36  Pylon  
  22  1:41  Probe  
  23  1:51  Warp Gate  
  23  1:54  Probe  
  23  2:00  Stalker  
  23  2:01  Stalker  
  28  2:07  Probe  
  29  2:12  Pylon  
  29  2:31  Sentry  
  29  2:33  Sentry  
  33  2:43  Nexus  
  33  2:46  Probe  
  34  2:52  Shield Battery  
  34  2:58  Sentry, Probe  
  37  3:05  Shield Battery  
  37  3:06  Phoenix  
  37  3:10  Probe  
  38  3:14  Pylon  
  38  3:23  Probe  
  38  3:25  Twilight Council  
  39  3:35  Probe  
  39  3:39  Stalker  
  42  3:47  Probe  
  43  3:54  Stalker  
  43  3:55  Forge  
  47  4:05  Pylon  
  47  4:08  Dark Shrine  
  45  4:11  Stalker  
  45  4:13  Probe  
  45  4:15  Probe  
  49  4:24  Shield Battery, Probe  
  49  4:25  Probe  
  49  4:29  Pylon  
  51  4:32  Probe  
  51  4:33  Probe  
  53  4:40  Probe  
  53  4:41  Probe  
  54  4:47  Shield Battery, Pylon  
  54  4:52  Probe  
  56  4:53  Robotics Facility  
  56  4:54  Probe  
  57  5:00  Assimilator  
  57  5:02  Assimilator  
  57  5:03  Shield Battery  
  57  5:04  Probe  
  57  5:06  Probe  
  59  5:16  Pylon, Probe  
  59  5:18  Probe  
  59  5:20  Dark Templar  
  63  5:28  Probe  
  64  5:29  Shield Battery  
  64  5:30  Dark Templar, Probe  
  64  5:35  Gateway  
  67  5:37  Gateway  
  67  5:40  Probe  
  67  5:42  Probe  
  68  5:50  Gateway  
  68  5:52  Gateway  
Show
View Real Time Build Order
Export as new Build Order

PtitDrogo Protoss 

Build Orders:  

Get SALT Encoding   

  12  0:00  Probe  
  13  0:13  Probe  
  14  0:16  Pylon  
  14  0:23  Probe  
  15  0:31  Probe  
  15  0:37  Gateway  
  15  0:40  Probe  
  16  0:46  Assimilator  
  17  0:51  Probe  
  17  0:54  Assimilator  
  18  1:00  Probe  
  19  1:08  Probe  
  19  1:12  Gateway  
  19  1:17  Probe  
  20  1:24  Cybernetics Core  
  21  1:29  Probe  
  22  1:34  Pylon  
  22  1:41  Probe  
  23  1:50  Warp Gate  
  23  2:00  Adept x2  
  27  2:04  Pylon  
  27  2:06  Probe  
  28  2:30  Adept x2  
  31  2:44  Nexus  
  31  2:50  Probe  
  32  3:00  Adept x2  
  36  3:06  Probe  
  36  3:09  Pylon  
  37  3:18  Probe  
  38  3:22  Shield Battery  
  38  3:29  Twilight Council  
  38  3:39  Adept  
  38  3:41  Adept  
  42  3:44  Probe  
  43  3:52  Probe x2  
  43  4:00  Sentry, Probe x2  
  43  4:01  Sentry  
  51  4:10  Probe x2  
  53  4:19  Forge, Probe  
  53  4:22  Probe  
  55  4:28  Probe  
  55  4:34  Probe  
  55  4:38  Probe  
  57  4:40  Pylon  
  58  4:46  Probe  
  58  4:48  Assimilator  
  58  4:50  Probe  
  60  5:01  Probe  
  60  5:05  Gateway, Probe  
  62  5:13  Probe  
  62  5:14  Nexus  
  63  5:16  Pylon  
  63  5:17  Probe  
  64  5:26  Probe  
  64  5:27  Robotics Facility  
  65  5:31  Probe  
  66  5:37  Stalker x2  
  70  5:47  Pylon  
  70  5:49  Pylon  
Tags
 
Add a new tag
Caveats
  • Supply blocks, unpowered buildings, or Contaminate may cause inaccurate times.
  • Supply counts are checked every 10 seconds.